 Dungeon Crawl Stone Soup version 0.17-a0-1644-g9c114d1 (webtiles) character file.

70 Funster the Grave Robber (level 4, -6/30 HPs)
             Began as a Vampire Necromancer on Aug 9, 2015.
             Killed by nerve-wracking pain
             ... invoked by Grinder
              (10 damage)
             ... on level 3 of the Dungeon.
             The game lasted 00:13:21 (2295 turns).

Funster the Grave Robber (Vampire Necromancer)      Turns: 2295, Time: 00:13:21

Health: -6/30      AC:  2    Str:  7    XL:     4   Next: 4%
Magic:  7/7        EV: 12    Int: 18    God:
Gold:   133        SH:  0    Dex: 14    Spells: 3 memorised, 3 levels left

rFire  . . .     SeeInvis +     q - +2 dagger (vamp)
rCold  . . .     Clarity  .     a - +0 robe
rNeg   + . .     SustAt   .     (no shield)
rPois  .         Gourm    .     (no helmet)
rElec  .         Spirit   .     (no cloak)
rCorr  .         Warding  .     (no gloves)
rMut   .         Stasis   .     (no boots)
MR     .....                    (no amulet)
Stlth  +++.......               (no ring)
                                (no ring)

@: not resistant to hostile enchantments, fairly stealthy
A: fangs 3, see invisible, unbreathing
a: Bat Form


You were on level 3 of the Dungeon.
You were not thirsty.

You visited 1 branch of the dungeon, and saw 3 of its levels.

You collected 133 gold pieces.

Inventory:

Hand weapons
 e - a +0 spear
 g - a +0 short sword
 k - a +7 club
 q - a +2 vampiric dagger (weapon)
Armour
 a - a +0 robe (worn)
 l - a +0 animal skin
 m - a +0 helmet
Magical devices
 o - a wand of magic darts (17)
Scrolls
 d - a scroll of identify
 j - a scroll of immolation {unknown}
 r - a scroll of random uselessness {unknown}
Potions
 f - 2 potions of might {unknown}
 i - a potion of mutation {unknown}
 n - a potion of poison {unknown}
Books
 b - a book of Necromancy

   Spells                             Type                      Level
   a - Pain                           Necromancy                   1
   b - Animate Skeleton               Necromancy                   1
   c - Vampiric Draining              Necromancy                   3
   d - Regeneration                   Charms/Necromancy            3
   e - Animate Dead                   Necromancy                   4
   f - Control Undead                 Necromancy                   4
Comestibles
 p - a slice of pizza


   Skills:
 * Level 1.8 Short Blades
 - Level 2.1 Dodging
 - Level 3.2 Stealth
 - Level 2.5 Spellcasting
 + Level 5.3 Necromancy


You had 3 spell levels left.
You knew the following spells:

 Your Spells              Type           Power        Failure   Level  Hunger
a - Pain                  Necr           ###.         1%          1    #......
b - Animate Skeleton      Necr           N/A          1%          1    #......
c - Vampiric Draining     Necr           ###.......   10%         3    ###....


Dungeon Overview and Level Annotations

Branches:
Dungeon (3/15)

Altars:

Annotations:
D:2 Terence
D:3 Grinder


Innate Abilities, Weirdness & Mutations

You have razor-sharp teeth.
You have supernaturally acute eyesight.
You can survive without breathing.


Message History

You see here a club.
Found a scroll labeled CUQATHIFOB.
Read which item? (? for menu, Esc to quit)
Grinder comes into view.
Found an escape hatch in the ceiling.
Grinder shouts!
Your potion of blood rots away.
You hit Grinder but do no damage. Grinder hits you.
Read which item? (? for menu, Esc to quit)
As you read the scroll labeled CUQATHIFOB, it crumbles to dust.
You feel strangely unstable.
It was a scroll of teleportation.
Grinder hits you!
Your surroundings suddenly seem different.
Grinder gestures at you. Pain shoots through your body!
* * * LOW HITPOINT WARNING * * *
Found a stone staircase leading down.
Grinder gestures at you. Pain shoots through your body!
You die...

#?..# #...## #....#
#.....##.5..# #.....##.#..##
#.....##.#...#
#.....##.##..#
#.....##.##..##
#.....##)##..@#
#.....##.###..# #........#
#..# ####.....# ##>. #.....#
#### # #.....# .# #.....# .#
#.....############# ..
#######.....#....Z......###.


You could see Grinder.

Vanquished Creatures
  Robin (D:1)
  An adder (D:3)
  A giant gecko (D:1)
  3 giant cockroaches (D:1)
  12 goblins
  9 hobgoblins
  6 kobolds
  4 bats
  3 giant newts (D:1)
  4 rats
44 creatures vanquished.

Vanquished Creatures (collateral kills)
  A goblin (D:2)
  A rat (D:1)
2 creatures vanquished.

Grand Total: 46 creatures vanquished

Notes
Turn   | Place    | Note
--------------------------------------------------------------
     0 | D:1      | Funster the Vampire Necromancer began the quest for the Orb.
     0 | D:1      | Reached XP level 1. HP: 13/13 MP: 3/3
     2 | D:1      | Learned a level 1 spell: Animate Skeleton
   467 | D:1      | Reached XP level 2. HP: 19/19 MP: 3/5
  1442 | D:1      | Reached XP level 3. HP: 17/24 MP: 3/6
  1536 | D:1      | Learned a level 3 spell: Vampiric Draining
  1589 | D:2      | Reached skill level 1 in Short Blades
  1611 | D:2      | Noticed Robin
  1728 | D:2      | Reached skill level 5 in Necromancy
  1809 | D:2      | Noticed Terence
  1854 | D:1      | Killed Robin
  2281 | D:3      | Reached XP level 4. HP: 30/30 MP: 5/7
  2285 | D:3      | Noticed Grinder
  2295 | D:3      | Killed from afar by Grinder

Vault maps used:
D:1:      sevenhm_arrival_forest_fort_large_2
D:2:      minitemple, uniq_terence, uniq_robin, uniq_crazy_yiuf_cottage
D:3:      lightli_temple_of_fire, uniq_grinder, uniq_iyjb

Action                   |  1- 3 |  4- 6 || total
-------------------------+-------+-------++-------
Melee: Unarmed           |     4 |       ||     4
       Short sword       |    39 |       ||    39
       Dagger            |     8 |     1 ||     9
 Cast: Pain              |    54 |       ||    54
       Animate Skeleton  |    13 |       ||    13
       Vampiric Draining |     5 |       ||     5
  Use: Scroll            |     2 |     1 ||     3
 Stab: Sleeping          |     2 |       ||     2
  Eat: Corpse            |     5 |       ||     5
